 Dungeon Crawl Stone Soup version 0.31.0-11-ge490571c62 (webtiles) character file.

Game seed: 15083653682414263214

201 qw the Shooter (level 5, -4/26 HPs)
             Began as a Spriggan Hunter on Feb 3, 2024.
             Killed from afar by Sigmund (8 damage)
             ... with a magic dart
             ... on level 4 of the Dungeon.
             The game lasted 00:00:07 (1911 turns).

qw the Shooter (Spriggan Hunter)                    Turns: 1911, Time: 00:00:08

Health: -4/26      AC:  2    Str:  5 (7)  XL:     5   Next: 50%
Magic:  6/6        EV: 21    Int:  8 (10) God:
Gold:   102        SH:  0    Dex: 21      Spells: 4/4 levels left

rFire   . . .        a - +0 shortbow
rCold   . . .        (shield currently unavailable)
rNeg    . . .        c - +0 robe
rPois   .            (helmet restricted)
rElec   .            (no cloak)
rCorr   .            (gloves unavailable)
SInv    +            (boots unavailable)
Will    .....        (no amulet)
Stlth   ++           (no ring)
HPRegen 0.24/turn    (no ring)
MPRegen 0.10/turn

%: no passive effects
@: very quick
A: very small, no large weapons, unfitting armour, see invisible, speed 3
a: no special abilities


You were on level 4 of the Dungeon.
You visited 1 branch of the dungeon, and saw 4 of its levels.

You collected 102 gold pieces.


Innate Abilities, Weirdness & Mutations

You are very small and have problems with some larger weapons.
You are too small for most types of armour.
You have supernaturally acute eyesight. (SInv)
You cover ground extremely quickly. (Speed+++)


   Skills:
 - Level 2.0 Fighting
 + Level 5.6 Ranged Weapons
 - Level 5.3 Dodging
 - Level 1.5 Stealth


You had 4 spell levels left.
You didn't know any spells.
Your spell library was empty.

Inventory:

Hand Weapons
 a - a +0 shortbow (weapon)
Armour
 c - a +0 robe (worn)
Scrolls
 b - a scroll of enchant weapon {unknown}
Potions
 e - a potion of might

Dungeon Overview and Level Annotations

Branches:
Dungeon (4/15)
 Temple: D:4-7

Altars:
Makhleb
Trog
Zin

Annotations:
D:4 Sigmund


Message History

You shoot an arrow.
The arrow hits the orc but does no damage.
The orc is severely wounded.
The hound misses you. The orc hits you with a +0 short sword.
The orc closely misses you. The hound completely misses you.
You shoot an arrow. The arrow closely misses the orc.
You hear a shout!
A hound comes into view.
The hound completely misses you. The orc barely misses you. x2
You shoot an arrow. The arrow barely misses the orc.
The hound barks!
The hound bites you. The hound closely misses you.
The orc hits you but does no damage. The orc barely misses you.
A hobgoblin comes into view.
You shoot an arrow. The arrow hits the orc!
You kill the orc!
The hound bites you. The orc hits you with a +0 falchion!
1907 ||| READING scroll of teleportation.
As you read the scroll of teleportation, it crumbles to dust.
You feel strangely unstable. The orc completely misses you.
The hound completely misses you. The hound misses you.
You shoot an arrow. The arrow completely misses the hound.
The hound completely misses you. The hobgoblin closely misses you.
The hound bites you. The orc closely misses you. The hound bites you.
You shoot an arrow. The arrow closely misses the hound.
The hound closely misses you. The hobgoblin barely misses you.
The hound misses you. The orc completely misses you.
The hound closely misses you.
You shoot an arrow. The arrow hits the hound.
The hound is lightly wounded.
Your surroundings suddenly seem different.
Sigmund the Dreaded comes into view.
He is wielding a +0 scythe.
You shoot an arrow. The arrow hits Sigmund!
Sigmund is moderately wounded.
You hear a shout!
Sigmund gestures at you while chanting. The magic dart hits you!
You die...
Sigmund begins carving another notch in his scythe.

###.###.# #.#
##(~.~.### #.#
#.[~.~[.# #.#
#.~~.~(.# #.#
#.~.((~.# ##
##.._..## ..
####### .#
#####..###.#.#
#....@.@...#
####..###.##
#.. .# #. .# #
.. .# #


You could see Sigmund.

Vanquished Creatures
  An orc priest (D:3)
  Jessica (D:2)
  An orc wizard (D:4)
  3 adders (D:3)
  4 dart slugs (D:1)
  A ribbon worm (D:2)
  5 orcs
  6 endoplasms
  3 giant cockroaches
  7 goblins
  6 hobgoblins
  11 jackals
  3 quokkas (D:1)
  6 ball pythons
  4 bats
  A frilled lizard (D:1)
  10 kobolds
  2 rats
75 creatures vanquished.

Notes
Turn   | Place    | Note
-------+----------+-------------------------------------------
     0 | D:1      | qw the Spriggan Hunter began the quest for the Orb.
     0 | D:1      | Reached XP level 1. HP: 10/10 MP: 2/2
     0 | D:1      | 0 ||| qw: Version: 0.3-a-158-g18b3111
     0 | D:1      | 0 ||| qw: Game counter: 4202
     0 | D:1      | 0 ||| qw: Melee chars always use a shield: true
     0 | D:1      | 0 ||| qw: God list: Okawaru
     0 | D:1      | 0 ||| qw: Allow faded altars: false
     0 | D:1      | 0 ||| qw: Do Orc after clearing Dungeon:15 true
     0 | D:1      | 0 ||| qw: Do second Lair branch before Depths: true
     0 | D:1      | 0 ||| qw: Lair rune preference: random
     0 | D:1      | 0 ||| qw: Goals: Normal
     0 | D:1      | 0 ||| PLANNING D:1-11
    25 | D:1      | Reached skill level 3 in Dodging
    68 | D:1      | Reached XP level 2. HP: 8/14 MP: 3/3
   186 | D:1      | 186 ||| READING scroll labelled DYIPAKHL CYKHLUJ.
   186 | D:1      | 186 ||| IDENTIFYING golden potion
   329 | D:1      | Reached XP level 3. HP: 18/18 MP: 4/4
   634 | D:1      | 634 ||| READING scroll of identify.
   634 | D:1      | 634 ||| IDENTIFYING smoky dark potion
   635 | D:1      | 635 ||| READING scroll labelled YMACRY TITWEUSS.
   636 | D:1      | 636 ||| READING scroll labelled WETHOELAOL.
   637 | D:1      | 637 ||| DROPPING scroll of butterflies.
   638 | D:1      | 638 ||| DROPPING potion of invisibility.
   695 | D:2      | Noticed Jessica
   705 | D:2      | Killed Jessica
   706 | D:2      | Reached XP level 4. HP: 8/22 MP: 5/5
   851 | D:2      | HP: 4/22 [hobgoblin (4)]
  1291 | D:2      | 1291 ||| DROPPING amulet of magic regeneration.
  1292 | D:2      | 1292 ||| READING scroll labelled JEURYC ALORO.
  1296 | D:2      | 1296 ||| DRINKING 2 grey potions.
  1297 | D:2      | 1297 ||| DROPPING potion of degeneration.
  1393 | D:3      | 1393 ||| FLEEEEING.
  1582 | D:3      | Reached XP level 5. HP: 26/26 MP: 6/6
  1607 | D:3      | Found a glowing silver altar of Zin.
  1653 | D:3      | Found a burning altar of Makhleb.
  1771 | D:3      | 1771 ||| READING 2 scrolls of identify.
  1771 | D:3      | 1771 ||| IDENTIFYING sedimented red potion
  1772 | D:3      | 1772 ||| READING scroll of identify.
  1772 | D:3      | 1772 ||| IDENTIFYING silvery potion
  1773 | D:3      | 1773 ||| DROPPING potion of attraction.
  1831 | D:4      | Found a bloodstained altar of Trog.
  1893 | D:4      | 1893 ||| DRINKING potion of curing.
  1893 | D:4      | 1893 ||| (to cure confusion)
  1906 | D:4      | HP: 5/26 [orc/+0 falchion (8)]
  1907 | D:4      | 1907 ||| READING scroll of teleportation.
  1910 | D:4      | Noticed Sigmund
  1911 | D:4      | Killed from afar by Sigmund

Levels and vault maps discovered:
D:1:      dpeg_arrival_orchard, layout_basic, minmay_octomino_j4
D:2:      layout_basic, uniq_jessica
D:3:      layout_rooms, lemuel_tele_altar, overflow_temple_1_default
D:4:      layout_loops_ring, trog_hazing_becter,
          amcnicky_mini_rare_corridor_liquid, uniq_sigmund

Skill      XL: |  1  2  3  4  5 |
---------------+----------------+-----
Dodging        | 3 4 5 |  5.3
Ranged Weapons | 5 |  5.6
Fighting       | 2 |  2.0
Stealth        | |  1.5

Action                     |  1- 3 |  4- 6 || total
---------------------------+-------+-------++-------
   Fire: Shortbow          |    97 |   115 ||   212
    Use: Scroll            |     4 |     4 ||     8
         Potion            |       |     2 ||     2
 Armour: Robe              |    16 |    22 ||    38
  Dodge: Dodged            |    54 |    55 ||   109

Table legend:
 A = Non-vault XP
 B = Vault XP
 C = Vault XP percentage of total XP
 D = Non-vault monster count
 E = Vault monster count
 F = Vault count percentage of total count
                 A         B        C        D         E       F
            +---------+---------+-------+---------+---------+-------
      Total |     237 |      51 |  17.7 |      66 |       9 |  12.0
            +---------+---------+-------+---------+---------+-------
        D:1 |      58 |       3 |   4.9 |      28 |       2 |   6.7
        D:2 |      31 |      37 |  54.4 |      16 |       1 |   5.9
        D:3 |     109 |       0 |   0.0 |      18 |       0 |   0.0
        D:4 |      39 |      11 |  22.0 |       4 |       6 |  60.0
            +---------+---------+-------+---------+---------+-------
